Map: Tours du crépuscule

Players

zidar

  • Race: Zerg Zerg
  • League: Gold
  • Spawn Location: 7:00

Abaddon - Winner!

  • Race: Zerg Zerg
  • League: Gold
  • Spawn Location: 1:00

VOD

Have the link to the VOD?

Description

Time

  • Played on: June 8, 2016, 2:02 p.m.
  • Length: 9:11
Show
View Real Time Build Order
Export as new Build Order

zidar Zerg 

Build Orders: Pool First 

Get SALT Encoding   

  12  0:01  Drone  
  13  0:13  Overlord  
  13  0:17  Drone  
  14  0:27  Extractor  
  14  0:28  Drone  
  14  0:34  Drone  
  17  0:35  Drone  
  17  0:40  Extractor  
  16  0:46  Drone  
  17  0:58  Spawning Pool  
  17  1:01  Drone  
  17  1:11  Overlord  
  17  1:20  Overlord  
  17  1:46  Queen  
  19  1:47  Metabolic Boost  
  19  1:51  Zergling x2  
  19  1:52  Zergling x4  
  22  2:03  Spine Crawler  
  21  2:08  Zergling x2  
  21  2:14  Zergling x2  
  23  2:27  Zergling x2  
  24  2:45  Pneumatized Carapace  
  24  3:02  Zergling x6  
  24  3:03  Zergling x4  
  26  3:24  Zergling x4  
  28  3:39  Hatchery  
  19  4:08  Baneling Nest  
  18  4:13  Zergling x4  
  18  4:14  Zergling x4  
  18  4:15  Evolution Chamber  
  21  4:19  Queen  
  23  4:35  Zergling x8  
  27  4:43  Zerg Melee Weapons Level 1  
  26  5:11  Zergling x10  
  31  5:16  Baneling x4  
  31  5:34  Zergling x2  
  31  5:35  Zergling x10  
  37  5:58  Zergling x2  
  37  5:59  Zergling x8  
  42  6:12  Zergling x2  
  42  6:14  Overlord  
  41  6:30  Zergling x2  
  41  6:31  Zergling x2  
  41  6:32  Overlord  
  43  7:01  Zergling x10  
  43  7:02  Zergling x2  
  48  7:16  Baneling x6  
  22  7:53  Zergling x2  
  22  7:54  Zergling x12  
  25  8:08  Drone x3  
  28  8:20  Drone x2  
  27  8:35  Zergling x6  
  29  8:48  Zergling x8  
Show
View Real Time Build Order
Export as new Build Order

Abaddon Zerg - Winner!

Build Orders: Pool First 

Get SALT Encoding   

  12  0:08  Overlord  
  12  0:13  Drone  
  13  0:17  Drone  
  14  0:25  Extractor  
  13  0:36  Drone  
  14  0:43  Spawning Pool  
  14  0:48  Drone  
  15  0:50  Drone  
  15  0:57  Drone  
  15  1:02  Drone  
  17  1:14  Drone  
  18  1:33  Hatchery  
  18  1:39  Metabolic Boost  
  17  1:51  Queen  
  19  1:59  Zergling x4  
  21  2:05  Drone  
  22  2:22  Overlord x2  
  22  2:40  Queen  
  24  2:45  Spine Crawler  
  23  2:52  Zergling x4  
  23  2:53  Zergling x2  
  23  2:57  Baneling Nest  
  25  3:11  Zergling x8  
  27  3:27  Drone x3  
  27  3:28  Drone  
  31  3:45  Baneling  
  29  3:55  Zergling x2  
  29  3:56  Zergling x12  
  35  4:06  Drone  
  35  4:07  Drone  
  37  4:11  Baneling  
  37  4:14  Baneling  
  37  4:17  Drone  
  38  4:23  Roach Warren  
  37  4:26  Extractor, Drone x2  
  38  4:32  Drone  
  39  4:45  Pneumatized Carapace  
  39  4:51  Drone x4  
  43  4:55  Overlord  
  43  5:23  Lair  
  43  5:26  Overlord  
  43  5:27  Overlord  
  43  5:30  Hatchery  
  42  5:45  Roach x2  
  42  5:46  Roach x2  
  50  5:53  Roach x3  
  56  5:57  Drone  
  55  6:08  Zergling x8  
  59  6:34  Glial Reconstitution  
  59  6:36  Drone x7  
  66  6:41  Queen  
  57  7:03  Queen x2  
  61  7:09  Spore Crawler  
  61  7:10  Spore Crawler  
  61  7:13  Roach  
  61  7:14  Roach  
  63  7:16  Overseer  
  63  7:24  Overseer  
  63  7:34  Zergling x4  
  63  7:35  Baneling  
  55  7:53  Roach x9  
  73  8:07  Drone  
  73  8:11  Overlord x3  
  73  8:12  Overlord  
  74  8:32  Ravager  
  74  8:33  Evolution Chamber x2, Ravager  
  72  8:36  Overlord x2  
  72  8:46  Roach x6  
  72  8:47  Roach x2  
  88  8:49  Overlord  
Tags
 
Add a new tag
Caveats
  • Supply blocks, unpowered buildings, or Contaminate may cause inaccurate times.
  • Supply counts are checked every 10 seconds.